 Dungeon Crawl Stone Soup version 0.29.0-4-gdea44cf6ec (webtiles) character file.

Game seed: 6295102680985358016

37 qw the Chopper (level 3, -2/21 HPs)
             Began as a Tengu Warper on Aug 28, 2022.
             Slain by Sigmund
             ... wielding a +2 scythe of distortion
              (3 damage)
             ... on level 2 of the Dungeon.
             The game lasted 00:00:04 (1205 turns).

qw the Chopper (Tengu Warper)                       Turns: 1205, Time: 00:00:05

Health: -2/21      AC:  5    Str: 13    XL:     3   Next: 39%
Magic:  7/7        EV: 11    Int: 13    God:
Gold:   14         SH:  0    Dex: 13    Spells: 6/6 levels left

rFire   . . .      SeeInvis .   Y - +0 hand axe
rCold   . . .      Faith    .   (no shield)
rNeg    . . .      Spirit   .   e - +0 ring mail
rPois   .          Reflect  .   (helmet restricted)
rElec   .          Harm     .   (no cloak)
rCorr   .          Rampage  .   (no gloves)
Will    .....                   (boots unavailable)
Stlth   +.........              (no amulet)
HPRegen 0.07/turn               (no ring)
MPRegen 0.10/turn               (no ring)

@: no status effects
A: beak, talons 3
a: no special abilities


You were on level 2 of the Dungeon.
You visited 1 branch of the dungeon, and saw 2 of its levels.

You collected 14 gold pieces.


Innate Abilities, Weirdness & Mutations

You have a beak for a mouth.
You have claws for feet.


   Skills:
 - Level 2.0 Fighting
 + Level 4.1 Axes
 - Level 1.0 Throwing
 - Level 1.1 Armour
 - Level 2.1 Dodging
 - Level 2.0 Spellcasting
 - Level 2.4 Translocations


You had 6 spell levels left.
You didn't know any spells.
Your spell library contained the following spells:

 Spells                   Type           Power      Damage    Failure   Level
 Blink                    Tloc           14%        N/A       30%         2
 Gell's Gravitas          Tloc           7%         N/A       52%         3
 Lesser Beckoning         Tloc           7%         N/A       52%         3
 Teleport Other           Tloc           7%         N/A       52%         3
 Manifold Assault         Tloc           7%         N/A       99%         5

Inventory:

Hand Weapons
 i - a +0 whip
 Y - a +0 hand axe (weapon)
Armour
 e - a +0 ring mail (worn)
Scrolls
 a - a scroll of identify
Potions
 b - a potion of heal wounds {unknown}
 c - a potion of curing
 d - a potion of lignification {unknown}

Dungeon Overview and Level Annotations

Branches:
Dungeon (2/15)

Altars:

Annotations:
D:2 Sigmund


Message History

a - a scroll of identify
Found a manual of Armour.
b - an orange potion
There is a stone staircase leading down here.
Found a spear.
Found a stone staircase leading down.
c - a potion of curing You see here a +0 spear.
Found a book of Air.
A bat and a hobgoblin come into view.
The bat hits you but does no damage.
You hit the bat but do no damage. You claw the bat.
You kill the bat!
You barely miss the hobgoblin. You claw the hobgoblin.
The hobgoblin is almost dead.
The hobgoblin misses you.
You hit the hobgoblin.
You kill the hobgoblin!
Sigmund the Dreaded comes into view.
He is wielding a +2 scythe of distortion.
Sigmund shouts!
Things that are here:
a hobgoblin corpse; a bat corpse A goblin comes into view.
It is wielding a +0 dagger.
Sigmund hits you but does no damage. Space warps around you.
You see here a +0 spear.
Found 15 gold pieces.
The goblin shouts!
You barely miss Sigmund. Your kick misses Sigmund.
Sigmund casts a spell at you. You resist with significant effort.
You hit Sigmund.
Sigmund is lightly wounded.
Sigmund hits you with a +2 scythe of distortion.
Space warps horribly around you!
Ouch! That really hurt!
You hit Sigmund.
Sigmund is moderately wounded.
You closely miss the goblin. The goblin hits you but does no damage.
Sigmund hits you with a +2 scythe of distortion.
You die...

#$ .. .# .## ..## # ...#
.# ##@#.# .. #@...#
#.##############)g..#
.........##....%>...#
...)......).####....#
....<....#### #.......
........>###########:...
...............:. ....
.........######## ...
########## ..


You could see Sigmund and a goblin.

Vanquished Creatures
  2 adders
  A dart slug (D:1)
  A goblin (D:2)
  4 hobgoblins
  2 ball pythons (D:1)
  5 bats
  4 frilled lizards (D:1)
  A kobold (D:1)
20 creatures vanquished.

Notes
Turn   | Place    | Note
-------+----------+-------------------------------------------
     0 | D:1      | qw the Tengu Warper began the quest for the Orb.
     0 | D:1      | Reached XP level 1. HP: 12/12 MP: 4/4
     0 | D:1      | 0 ||| qw: Version: 0.1-a-89-g26bdef1
     0 | D:1      | 0 ||| qw: Game counter: 1965
     0 | D:1      | 0 ||| qw: Always use a shield: true
     0 | D:1      | 0 ||| qw: God list: Okawaru
     0 | D:1      | 0 ||| qw: Allow faded altars: false
     0 | D:1      | 0 ||| qw: Do Orc after D:15 true
     0 | D:1      | 0 ||| qw: Do second Lair branch before Depths: true
     0 | D:1      | 0 ||| qw: Lair rune preference: random
     0 | D:1      | 0 ||| qw: Plans: Normal
     0 | D:1      | 0 ||| PLANNING D:1-11
    93 | D:1      | Found a faded altar of an unknown god.
    94 | D:1      | 94 ||| Stepping ~*~*~tactically~*~*~ (hiding).
    95 | D:1      | 95 ||| Stepping ~*~*~tactically~*~*~ (hiding).
    97 | D:1      | 97 ||| Stepping ~*~*~tactically~*~*~ (hiding).
   311 | D:1      | Reached XP level 2. HP: 17/17 MP: 6/6
   316 | D:1      | Reached skill level 3 in Axes
   866 | D:1      | 866 ||| UPGRADING to +0 ring mail.
   876 | D:1      | 876 ||| DROPPING +0 leather armour.
   877 | D:1      | 877 ||| READING scroll labelled NEFROG YNAMO.
   878 | D:1      | 878 ||| READING scroll labelled ELYUFEMECI.
   879 | D:1      | 879 ||| DRINKING 2 glowing orange potions.
   880 | D:1      | 880 ||| DROPPING scroll of blinking.
   907 | D:2      | 907 ||| STAIRDANCE
   912 | D:1      | Reached XP level 3. HP: 13/21 MP: 7/7
  1038 | D:2      | HP: 5/21 [poisoned by an adder]
  1040 | D:2      | Reached skill level 4 in Axes
  1040 | D:2      | 1040 ||| STAIRDANCE
  1040 | D:2      | HP: 2/21 [poisoned by an adder]
  1042 | D:1      | 1042 ||| DRINKING potion of curing.
  1042 | D:1      | 1042 ||| (to cure poison)
  1200 | D:2      | Noticed Sigmund
  1204 | D:2      | HP: 1/21 [Sigmund/+2 scythe of distortion (15)]
  1205 | D:2      | Slain by Sigmund

Levels and vault maps discovered:
D:1:      saegor_arrival_simple_a, layout_loops_ring,
          chequers_ecumenical_altar_simple_redux
D:2:      layout_rooms, uniq_terence, uniq_sigmund

Skill      XL: |  1  2  3 |
---------------+----------+-----
Axes           | 3 4 |  4.1
Fighting       | |  2.0
Throwing       | |  1.0
Armour         | |  1.1
Dodging        | |  2.1
Spellcasting   | |  2.0
Translocations | |  2.4

Action                   || total
-------------------------++-------
Melee: Hand axe          ||    53
       Peck              ||     7
       Kick              ||     8
       Punch             ||     1
Throw: Boomerang         ||     7
  Use: Scroll            ||     2
       Potion            ||     2
Armor: Leather armour    ||     8
       Ring mail         ||     6
Dodge: Dodged            ||    27

Table legend:
 A = Non-vault XP
 B = Vault XP
 C = Vault XP percentage of total XP
 D = Non-vault monster count
 E = Vault monster count
 F = Vault count percentage of total count
                 A         B        C        D         E       F
            +---------+---------+-------+---------+---------+-------
      Total |      53 |       0 |   0.0 |      20 |       0 |   0.0
            +---------+---------+-------+---------+---------+-------
        D:1 |      35 |       0 |   0.0 |      16 |       0 |   0.0
        D:2 |      18 |       0 |   0.0 |       4 |       0 |   0.0
            +---------+---------+-------+---------+---------+-------
